 Dungeon Crawl Stone Soup version 0.23.2-1-ga50397a6bc (webtiles) character file.

Game seed: 7254592163868569310

765 BorisKarlOrff the Poker (level 7, -1/64 HPs)
             Began as a Minotaur Chaos Knight on May 28, 2019.
             Was a Plaything of Xom.
             Succumbed to an orc wizard's poison
             ... on level 4 of the Dungeon.
             The game lasted 00:08:27 (2176 turns).

BorisKarlOrff the Poker (Minotaur Chaos Knight)     Turns: 2176, Time: 00:08:28

Health: -1/64      AC: 14    Str: 16    XL:     7   Next: 51%
Magic:  6/6        EV:  6    Int:  9    God:    Xom [......]
Gold:   69         SH:  4    Dex: 12    Spells: 6/6 levels left

rFire    + . .     SeeInvis .   a - +2 spear (chaos)
rCold    x . .     Gourm    .   (no shield)
rNeg     . . .     Faith    .   g - +0 plate armour
rPois    .         Spirit   .   (helmet restricted)
rElec    .         Reflect  +   (no cloak)
rCorr    .         Harm     .   (no gloves)
MR       .....                  l - +0 pair of boots
Stlth    ..........             o - +4 amulet of reflection
HPRegen  0.20/turn              h - ring of fire
MPRegen  0.10/turn              (no ring)

@: lethally poisoned (-1 -> -18)
A: retaliatory headbutt, horns 2
a: Renounce Religion


You were on level 4 of the Dungeon.
You worshipped Xom.
You were a very special plaything of Xom.
You were not hungry.

You visited 1 branch of the dungeon, and saw 5 of its levels.

You collected 69 gold pieces.

Inventory:

Hand Weapons
 a - a +2 spear of chaos (weapon)
 d - a +0 trident of venom
Armour
 b - a +2 leather armour
 e - a +0 scale mail
 g - a +0 plate armour (worn)
 l - a +0 pair of boots (worn)
Jewellery
 h - a ring of fire (left hand)
 o - a +4 amulet of reflection (around neck)
 p - an uncursed amulet of the gourmand {unknown}
Scrolls
 f - 3 scrolls of remove curse
 i - a scroll of teleportation {unknown}
 j - a scroll of magic mapping {unknown}
 k - a scroll of identify {unknown}
Comestibles
 c - 4 rations


   Skills:
 + Level 6.5 Fighting
 + Level 6.8 Polearms
 + Level 6.1 Armour
 + Level 2.1 Dodging
 + Level 0.1 Stealth


You had 6 spell levels left.
You didn't know any spells.
Your spell library was empty.

Dungeon Overview and Level Annotations

Branches:
Dungeon (5/15)
 Temple: D:4-7

Altars:
Gozag
Hepliaklqana
Qazlal
Xom

Shops:
D:4 [


Innate Abilities, Weirdness & Mutations

You reflexively headbutt those who attack you in melee.
You have a pair of horns on your head.


Message History

You cannot move.
You cannot move.
You cannot move.
There is a lethal amount of poison in your body!
There is a lethal amount of poison in your body!
There is a lethal amount of poison in your body!
There is a lethal amount of poison in your body!
* * * LOW HITPOINT WARNING * * *
You feel sick.
You feel less wooden.
Your +0 pair of boots unmelds from your body.
Your +0 plate armour unmelds from your body.
* * * LOW HITPOINT WARNING * * *
You feel sick.
* * * LOW HITPOINT WARNING * * *
You feel sick.
* * * LOW HITPOINT WARNING * * *
You feel sick.
You die...
Xom howls with laughter!

#.# #.# ####### #.# ######
#####.....######.###########.....
..........'......##..............
..###.....#########.########.....
#.# #.....##### #.#### ###... #.#
###.......#####....# #.<# #.#
#.....†..)@...##.##########
#.#####.....)....................
......#...........###'''#########
#####.#...........#♣....(.# #
...##.#...........#..(...(#######
.#.##.+...........#....(..#......
.#.##.#...........#((.....#######
.#.##.#..)........#...(.♣.##.....
.#.##.#...........#########......


There were no monsters in sight!

Vanquished Creatures
  The ghost of will825x the Vexing, an amateur OpEn of Gozag (D:4)
  A sky beast (D:4)
  A scorpion (D:4)
  A bullfrog skeleton (D:4)
  2 orc priests (D:4)
  5 orc wizards (D:4)
  A centaur skeleton (D:2)
  An iguana (D:4)
  A worker ant (D:4)
  A hound skeleton (D:4)
  Robin (D:2)
  3 adders
  2 dart slugs
  2 leopard geckos
  7 orcs
  5 bats
  A giant cockroach (D:1)
  9 goblins
  12 hobgoblins
  13 jackals
  A quokka (D:4)
  3 ball pythons
  4 frilled lizards
  5 kobolds (D:1)
  5 rats
88 creatures vanquished.

Vanquished Creatures (collateral kills)
  A water moccasin (D:5)
  4 orcs (D:5)
5 creatures vanquished.

Grand Total: 93 creatures vanquished

Notes
Turn   | Place    | Note
-------+----------+-------------------------------------------
     0 | D:1      | BorisKarlOrff the Minotaur Chaos Knight began the quest for
                  | the Orb.
     0 | D:1      | Reached XP level 1. HP: 19/19 MP: 0/0
   116 | D:1      | Reached XP level 2. HP: 24/27 MP: 1/1
   155 | D:1      | XOM: silly message
   557 | D:1      | Reached XP level 3. HP: 34/34 MP: 2/2
   891 | D:2      | XOM: harmless Air miscast
   914 | D:2      | Found a hazy altar of Hepliaklqana.
   951 | D:2      | Noticed Robin
   959 | D:2      | Killed Robin
   962 | D:2      | Reached XP level 4. HP: 25/41 MP: 3/3
   975 | D:2      | XOM: silly message
  1085 | D:2      | Reached skill level 5 in Polearms
  1121 | D:2      | Found a faded altar of an unknown god.
  1141 | D:2      | You fall through a shaft for 2 floors!
  1229 | D:4      | Found Buruc's Antique Armour Emporium.
  1280 | D:3      | Found an opulent altar of Gozag.
  1317 | D:4      | Reached skill level 5 in Fighting
  1317 | D:4      | Reached XP level 5. HP: 48/48 MP: 4/4
  1341 | D:4      | XOM: divination: magic mapping
  1362 | D:4      | Found a runed translucent gate.
  1362 | D:4      | Found a runed translucent gate.
  1362 | D:4      | Found a runed translucent gate.
  1380 | D:4      | XOM: harmless Chrm miscast
  1398 | D:4      | XOM: silly message
  1402 | D:4      | Reached XP level 6. HP: 24/57 MP: 5/5
  1617 | D:4      | XOM: potion effect (might)
  1620 | D:4      | XOM: cleaving
  1621 | D:4      | XOM: harmless Ice miscast
  1624 | D:4      | Reached skill level 5 in Armour
  1680 | D:4      | XOM: 3-stop teleportation journey
  1764 | D:4      | XOM: scenery: create altars
  1809 | D:4      | Found a stormy altar of Qazlal.
  2049 | D:4      | Noticed will825x's ghost (amateur OpEn)
  2066 | D:4      | Killed will825x's ghost
  2066 | D:4      | Reached XP level 7. HP: 56/64 MP: 6/6
  2091 | D:5      | Entered Level 5 of the Dungeon
  2099 | D:5      | XOM: divination: detect items
  2102 | D:5      | XOM: summons 2 friendly demons
  2140 | D:4      | XOM: scenery: 1 doors close
  2144 | D:4      | HP: 3/64 [something/puff of frost (4)]
  2174 | D:4      | HP: 3/64 [poisoned by an orc wizard]
  2175 | D:4      | HP: 1/64 [poisoned by an orc wizard]
  2176 | D:4      | Succumbed to an orc wizard's poison

Skill      XL: |  1  2  3  4  5  6  7 |
---------------+----------------------+-----
Fighting       | 4 5 6 |  6.5
Polearms       | 4 5 6 |  6.8
Armour         | 3 4 5 6 |  6.1
Dodging        | 2 |  2.1
Stealth        | |  0.1

Action                   |  1- 3 |  4- 6 |  7- 9 || total
-------------------------+-------+-------+-------++-------
Melee: Spear             |    88 |   111 |    29 ||   228
       Headbutt          |    11 |    21 |     5 ||    37
       Trident           |       |    40 |       ||    40
  Use: Potion            |       |     3 |     4 ||     7
       Scroll            |       |     3 |       ||     3
  Eat: Ration            |       |     2 |       ||     2
Armor: Scale mail        |    50 |    15 |       ||    65
       Leather armour    |     3 |       |       ||     3
       Plate armour      |       |    74 |    31 ||   105
       Skin              |       |       |    14 ||    14
Dodge: Dodged            |    33 |    48 |     3 ||    84
Block: Other             |       |     4 |     1 ||     5
